 Dungeon Crawl Stone Soup version 0.27.1-33-g824d729ab1 (webtiles) character file.

Game seed: 4924299541522422024

4256 Atelerd the Geomancer (level 10, -9/60 HPs)
             Began as an Octopode Earth Elementalist on Dec 22, 2021.
             Was a Follower of Sif Muna.
             Mangled by an orc knight (31 damage)
             ... in a bailey.
             The game lasted 00:16:13 (10215 turns).

Atelerd the Geomancer (OpEE)                       Turns: 10215, Time: 00:16:14

Health: -9/60      AC:  1    Str:  8    XL:     10   Next: 31%
Magic:  12/20      EV: 14    Int: 26    God:    Sif Muna [*.....]
Gold:   181        SH:  0    Dex: 13    Spells: 14/23 levels left

rFire    . . .     SeeInvis .   j - +1 dagger (flame)
rCold    . . .     Faith    .   (no shield)
rNeg     . . .     Spirit   .   (helmet restricted)
rPois    .         Reflect  .   (no amulet)
rElec    .         Harm     .   x - ring of resist corrosion
rCorr    +         Rampage  .   D - ring of wizardry
Will     .....                  C - +6 ring of intelligence
Stlth    +++++.....             (no ring)
HPRegen  1.20/turn              (no ring)
MPRegen  0.17/turn              (no ring)
                                (no ring)
                                (no ring)

@: no status effects
A: almost no armour, amphibious, 8 rings, camouflage 1, gelatinous body 1,
nimble swimmer 1, tentacles, regeneration 1
a: Renounce Religion, Channel Magic


You were in a bailey.
You worshipped Sif Muna.
Sif Muna was aware of your devotion.
You visited 2 branches of the dungeon, and saw 10 of its levels.
You also visited: Sewer and Bailey.

You collected 589 gold pieces.
You spent 408 gold pieces at shops.

Inventory:

Hand Weapons
 h - a +4 vorpal falchion
 j - a +1 dagger of flaming (weapon)
Missiles
 b - 9 stones
Jewellery
 x - a ring of resist corrosion (left tentacle)
 C - a +6 ring of intelligence (on tentacle)
 D - a ring of wizardry (right tentacle)
Wands
 q - a wand of iceblast (7)
 u - a wand of acid (8)
 y - a wand of flame (11)
Scrolls
 a - a scroll of holy word {unknown}
 c - a scroll of vulnerability {unknown}
 e - a scroll of fear {unknown}
 g - 2 scrolls of teleportation
 i - 2 scrolls of noise
 m - 3 scrolls of amnesia
 r - a scroll of enchant armour
 B - a scroll of immolation {unknown}
Potions
 d - a potion of mutation
 f - 2 potions of cancellation {unknown}
 k - 3 potions of attraction
 l - 3 potions of resistance {unknown}
 o - 2 potions of heal wounds {unknown}
 s - 2 potions of haste {unknown}
 t - a potion of might {unknown}
 v - a potion of curing {unknown}
 w - a potion of magic {unknown}
 z - a potion of lignification {unknown}
 A - 2 potions of flight


   Skills:
 - Level 2.0 Fighting
 - Level 5.0 Dodging
 - Level 5.0 Stealth
 + Level 7.1 Spellcasting
 - Level 2.0 Conjurations
 - Level 2.0 Translocations
 - Level 3.0 Transmutations
 - Level 10.0 Earth Magic
 - Level 4.0 Invocations


You had 14 spell levels left.
You knew the following spells:

 Your Spells              Type           Power      Damage    Failure   Level
a - Sandblast             Erth           100%       2d20      1%          1
b - Iskenderun's Mystic   Conj/Tloc      19%        2d6       11%         4
p - Petrify               Tmut/Erth      43%        N/A       1%          4

Your spell library contained the following spells:

 Spells                   Type           Power      Damage    Failure   Level
 Passwall                 Tmut/Erth      35%        N/A       1%          2
 Stone Arrow              Conj/Erth      80%        3d12      1%          3
 Corpse Rot               Necr/Air       N/A        N/A       4%          2
 Slow                     Hex            9%         N/A       4%          2
 Dazzling Flash           Conj/Hex       28%        N/A       4%          3
 Confusing Touch          Hex            9%         N/A       8%          3
 Dispel Undead            Necr           9%         3d8       24%         4
 Yara's Violent Unravell  Hex/Tmut       8%         3d5       34%         5
 Starburst                Conj/Fire      7%         6d4       91%         6
 Death Channel            Necr           4%         N/A       97%         6


Dungeon Overview and Level Annotations

Branches:
Dungeon (9/15)             Temple (1/1) D:6           Sewer (visited)
 Bailey (1/1)
   Lair: D:8-11         Orc: D:9-12

Altars:
Ashenzari
Cheibriados
Dithmenos
Fedhas
Gozag
Hepliaklqana
Kikubaaqudgha
Makhleb
Nemelex Xobeh
Okawaru
Qazlal
Ru
Sif Muna
Trog
Uskayaw
Vehumet
Wu Jian
Xom
Yredelemnul
Zin
The Shining One

Shops:
D:1 =   D:6 *[[:

Annotations:
D:5 1 exclusion
D:6 exclusion: downstairs


Innate Abilities, Weirdness & Mutations

You cannot wear most types of armour.
You are amphibious.
You can wear up to eight rings at the same time.
Your skin changes colour to match your surroundings (Stealth+).
Your rubbery body absorbs attacks. (AC +1, EV +1)
You are camouflaged near water. (Stealth+)
You have tentacles for arms and can constrict up to eight enemies at once.
Your natural rate of healing is unusually fast.


Message History

The orc hits you from afar with a +0 trident!
You release your grip on the orc knight.
The orc misses you.
Unknown command.
The helpless orc knight fails to defend itself.
You puncture the orc knight! You burn the orc knight. You grab the orc knight.
The orc knight is moderately wounded.
You constrict the orc knight, but do no damage.
The orc hits you with a +0 trident!
Unknown command.
The helpless orc knight fails to defend itself.
You puncture the orc knight! You burn the orc knight.
The orc knight is heavily wounded.
You constrict the orc knight. The orc hits you with a +0 trident!
* * * LOW HITPOINT WARNING * * *
Unknown command.
You release your grip on the orc knight.
The orc knight is no longer petrified.
The orc no longer looks unusually strong.
The orc knight misses you.
The orc hits you from afar with a +0 trident.
* * * LOW HITPOINT WARNING * * *
The orc warrior no longer looks unusually strong.
Okay, then.
Okay, then.
As you read the scroll of teleportation, it crumbles to dust.
You feel strangely unstable.
The orc no longer looks unusually strong.
The orc knight roars a battlecry!
Casting: Petrify (dangerous; 1% risk of failure)
Confirm with . or Enter, or press ? or * to list all spells.
Aiming: Petrify (dangerous; 1% risk of failure)
Press: ? - help, Shift-Dir - straight line, f/p - orc knight
Aim: an orc knight, wielding a +0 halberd and wearing a +0 scale mail (heavily wounded, chance to affect: 51%)
The orc knight resists with significant effort.
Your surroundings seem slightly different.
Unknown command.
The orc knight hits you from afar with a +0 halberd!!
Ouch! That really hurt!
You die...

### #########∩## ####
##.....##.∩.##....
#..≈≈@..#...#..≈≈≈
#.≈≈.≈≈.....).≈≈o≈≈
..'.≈.∩)≈o......≈oo.≈
..#.≈≈)≈≈o......≈≈o≈≈
. #..≈≈≈o.#..)#..≈≈≈.
##.....##..§##.....
#########∩## #####
###


You could see an orc knight, an orc warrior (strong) and an orc (strong).

Vanquished Creatures
  Pikel (D:5)
  Maggie (D:9)
  A wraith (D:9)
  3 yaks (D:6)
  Menkaure (D:5)
  A water moccasin (D:7)
  The ghost of lasso the Caller, an amateur TeSu of Hepliaklqana (D:4)
  3 black bears
  2 ice beasts
  4 orc warriors (Bailey)
  2 sky beasts
  4 ogres
  A necrophage (D:6)
  2 centaurs
  A lemure (D:5)
  A gnoll sergeant (D:9)
  A scorpion (D:6)
  4 howler monkeys
  A centaur zombie (D:4)
  A hound (D:6)
  Crazy Yiuf (D:5)
  A gnoll shaman (D:7)
  A jelly (D:6)
  A centaur skeleton (D:4)
  Ijyb (D:4)
  2 iguanas
  A killer bee zombie (D:9)
  14 gnolls
  4 river rats (D:5)
  14 adders
  A shadow imp (D:7)
  An ufetubus (D:5)
  3 worms
  2 dart slugs (D:1)
  11 orcs
  3 bats
  13 endoplasms
  13 giant cockroaches
  12 goblins
  6 hobgoblins
  15 quokkas
  15 ball pythons
  10 frilled lizards
  9 kobolds
  5 rats
195 creatures vanquished.

Notes
Turn   | Place    | Note
-------+----------+-------------------------------------------
     0 | D:1      | Atelerd the Octopode Earth Elementalist began the quest for
                  | the Orb.
     0 | D:1      | Reached XP level 1. HP: 11/11 MP: 3/3
   192 | D:1      | Reached XP level 2. HP: 15/17 MP: 0/5
   364 | D:1      | Found Visohoow's Jewellery Shoppe.
   813 | D:1      | Reached XP level 3. HP: 19/21 MP: 4/6
  1367 | D:2      | Found an ancient bone altar of Kikubaaqudgha.
  1658 | D:2      | Reached XP level 4. HP: 9/27 MP: 5/7
  2612 | D:2      | Found a faded altar of an unknown god.
  3284 | D:3      | Found an iron altar of Okawaru.
  3372 | D:3      | Reached skill level 1 in Fighting
  3709 | D:4      | Found a runed translucent gate.
  3709 | D:4      | Found a runed translucent gate.
  3711 | D:4      | Found a runed translucent gate.
  3725 | D:4      | Noticed lasso's ghost (amateur TeSu)
  3816 | D:4      | Found a shadowy altar of Dithmenos.
  3921 | D:4      | Noticed an ogre
  3930 | D:4      | HP: 1/28 [ogre (27)]
  4230 | D:4      | Learned a level 4 spell: Petrify
  4290 | D:4      | Noticed Ijyb
  4300 | D:4      | Reached XP level 5. HP: 28/33 MP: 9/9
  4332 | D:4      | Killed Ijyb
  4589 | D:4      | Killed an ogre
  4590 | D:4      | Reached skill level 4 in Earth Magic
  4590 | D:4      | Reached XP level 6. HP: 29/39 MP: 2/10
  4882 | D:5      | Entered Level 5 of the Dungeon
  4918 | D:5      | Noticed Menkaure
  4921 | D:5      | Noticed a sky beast
  4924 | D:5      | Killed a sky beast
  4925 | D:5      | Reached skill level 5 in Stealth
  4929 | D:5      | Killed Menkaure
  4930 | D:5      | Reached XP level 7. HP: 26/45 MP: 7/12
  5051 | D:5      | Found a glowing drain.
  5057 | Sewer    | Entered a sewer
  5506 | Sewer    | Reached skill level 5 in Earth Magic
  5932 | D:5      | Learned a level 4 spell: Iskenderun's Mystic Blast
  5952 | D:5      | Noticed Pikel
  6287 | D:5      | Found a runed translucent door.
  6288 | D:5      | Noticed Crazy Yiuf
  6622 | D:6      | Reached skill level 5 in Spellcasting
  6754 | D:6      | Reached skill level 6 in Earth Magic
  6754 | D:6      | Reached XP level 8. HP: 49/50 MP: 11/15
  6863 | D:6      | Found a staircase to the Ecumenical Temple.
  6883 | Temple   | Entered the Ecumenical Temple
  6963 | Temple   | Became a worshipper of Sif Muna the Loreminder
  7039 | D:6      | Found Jiluluji's Armour Emporium.
  7041 | D:6      | Noticed a yak
  7044 | D:6      | Found Ithycef's Assorted Antiques.
  7047 | D:6      | Noticed a yak
  7069 | D:6      | Killed a yak
  7070 | D:6      | Reached skill level 7 in Earth Magic
  7076 | D:6      | Killed a yak
  7077 | D:6      | Reached skill level 8 in Earth Magic
  7326 | D:6      | Bought 2 green potions for 50 gold pieces
  7326 | D:6      | Bought a scroll labelled RUKHYKH UMIE for 28 gold pieces
  7357 | D:6      | Noticed a yak
  7374 | D:6      | Killed a yak
  7575 | D:6      | Reached skill level 9 in Earth Magic
  7575 | D:6      | Reached XP level 9. HP: 54/54 MP: 11/16
  7646 | D:6      | Found Edeublat's Armour Boutique.
  7671 | D:6      | Found Guutul's Book Shop.
  7941 | D:7      | Found a sacrificial altar of Ru.
  8263 | D:7      | Reached skill level 10 in Earth Magic
  8373 | D:7      | Reached skill level 1 in Conjurations
  8373 | D:7      | Reached skill level 1 in Invocations
  8380 | D:7      | Reached skill level 1 in Translocations
  8571 | D:1      | Bought a ring of wizardry for 330 gold pieces
  8733 | D:5      | Killed Crazy Yiuf
  8742 | D:5      | Gained mutation: You sometimes lose the ability to read
                  | scrolls when taking damage. [potion of mutation]
  8742 | D:5      | Gained mutation: You are occasionally teleported next to
                  | monsters. [potion of mutation]
  8742 | D:5      | Gained mutation: You passively map a small area around you.
                  | [potion of mutation]
  8743 | D:5      | Lost mutation: You are occasionally teleported next to
                  | monsters. [potion of mutation]
  8743 | D:5      | Lost mutation: You sometimes lose the ability to read
                  | scrolls when taking damage. [potion of mutation]
  8743 | D:5      | Lost mutation: You passively map a small area around you.
                  | [potion of mutation]
  8743 | D:5      | Gained mutation: Your spells are a little easier to cast,
                  | but a little less powerful. [potion of mutation]
  8743 | D:5      | Gained mutation: You do not regenerate when monsters are
                  | visible. [potion of mutation]
  8744 | D:5      | Lost mutation: You do not regenerate when monsters are
                  | visible. [potion of mutation]
  8744 | D:5      | Lost mutation: Your spells are a little easier to cast, but
                  | a little less powerful. [potion of mutation]
  8744 | D:5      | Gained mutation: Your natural rate of healing is unusually
                  | fast. [potion of mutation]
  8837 | D:4      | Killed lasso's ghost
  8932 | D:5      | Reached * piety under Sif Muna
  8991 | D:5      | Killed Pikel
  9030 | D:5      | Found a hazy altar of Hepliaklqana.
  9647 | D:8      | Reached XP level 10. HP: 60/60 MP: 15/18
  9703 | D:8      | Noticed a death knight
  9767 | D:9      | Noticed Maggie
  9784 | D:9      | Killed Maggie
  9785 | D:9      | Reached skill level 5 in Dodging
  9801 | D:9      | Found an ancient bone altar of Kikubaaqudgha.
  9801 | D:9      | Found a glowing golden altar of the Shining One.
 10010 | D:9      | Found a flagged portal.
 10056 | Bailey   | Entered a bailey
 10056 | Bailey   | Noticed an orc knight
 10195 | Bailey   | Noticed an orc knight
 10215 | Bailey   | Mangled by an orc knight

Illustrated notes

Levels and vault maps discovered:
D:1:      dpeg_arrival_signposts, layout_basic, serial_shops, shop, st_stairs_9,
          corexii_leaking_fountain, nrook_mini_vaults
D:2:      layout_loops_cross, basic_altar,
          hellmonk_ecumenical_altar_pennies_from_heaven,
          minmay_fractal_squares_gapless_5
D:3:      layout_basic, kennysheep_okawaru_gauntlet
D:4:      kennysheep_the_goblin_king, layout_cave_pools,
          mainiacjoe_overflow_alcove_2, gammafunk_ghost_necromancy
D:5:      layout_basic, lemuel_doored_altar, lightli_sewer_entry_pipes,
          amcnicky_mini_rare_corridor_liquid, uniq_menkaure, uniq_pikel,
          uniq_crazy_yiuf_cottage
D:6:      layout_rooms, minmay_temple_entry_junction, serial_shops,
          nicolae_shop_crystal, nicolae_stop_n_shop_2, shop,
          nicolae_shop_behind_doors
D:7:      layout_basic, nicolae_ru_awakened_eye, nrook_pool_corridor
D:8:      layout_basic, minmay_circle_x
D:9:      layout_grid_maze, gammafunk_temple_overflow_elements, enter_bailey_2,
          uniq_maggie
Temple:   regret_index_temple_waves
Bailey:   bailey_polearm_4, bailey

Skill      XL: |  1  2  3  4  5  6  7  8  9 10 |
---------------+-------------------------------+-----
Stealth        | 3 4 5 |  5.0
Transmutations | 2 3 |  3.0
Fighting       | 1 2 |  2.0
Spellcasting   | 3 5 7 |  7.1
Earth Magic    | 4 6 9 10 | 10.0
Conjurations   | 2 |  2.0
Invocations    | 3 4 |  4.0
Translocations | 2 |  2.0
Dodging        | 4 5 |  5.0

Action                   |  1- 3 |  4- 6 |  7- 9 | 10-12 || total
-------------------------+-------+-------+-------+-------++-------
Melee: Constrict         |     6 |     9 |    26 |     6 ||    47
       Unarmed           |     1 |       |       |       ||     1
       Dagger            |     8 |    11 |   153 |    16 ||   188
       Tentacles         |     3 |     7 |    24 |     5 ||    39
       Falchion          |    13 |    44 |       |       ||    57
 Cast: Sandblast         |    30 |    18 |   119 |    24 ||   191
       Petrify           |       |     3 |     6 |     8 ||    17
Evoke: Wand              |       |     2 |       |    13 ||    15
  Use: Scroll            |       |     2 |     5 |     7 ||    14
       Potion            |       |       |     3 |       ||     3
 Stab: Sleeping          |     5 |     8 |    21 |       ||    34
       Petrified         |       |    14 |    17 |    15 ||    46
Armor: Skin              |     2 |     4 |    12 |     1 ||    19
Dodge: Dodged            |    15 |    22 |   106 |    12 ||   155
       Rpst.: Falchion   |       |     7 |       |       ||     7
